Map: Persephone LE

Players

Sindyr

  • Race: Terran Terran
  • League: Master
  • Spawn Location: 11:00

BigWarlyn - Winner!

  • Race: Protoss Protoss
  • League: Master
  • Spawn Location: 7:00

VOD

Have the link to the VOD?

Description

Time

  • Played on: Nov. 4, 2025, 4:46 p.m.
  • Length: 11:05
Show
View Real Time Build Order
Export as new Build Order

Sindyr Terran 

Build Orders:  

Get SALT Encoding   

  12  0:02  SCV  
  13  0:14  SCV  
  13  0:19  Supply Depot  
  14  0:26  SCV  
  15  0:41  SCV  
  16  0:45  Barracks  
  16  0:53  SCV, Refinery  
  17  1:05  SCV  
  18  1:17  SCV  
  19  1:39  Barracks Reactor, Command Center  
  19  1:42  Orbital Command  
  19  1:53  Supply Depot  
  19  2:02  Engineering Bay  
  19  2:11  SCV  
  20  2:22  Factory  
  20  2:23  SCV  
  21  2:35  SCV  
  22  2:42  Refinery  
  22  2:47  SCV  
  22  2:50  Barracks  
  23  2:53  Orbital Command  
  23  2:59  SCV  
  23  3:01  Terran Infantry Weapons Level 1  
  24  3:11  SCV  
  25  3:13  Barracks  
  25  3:23  SCV x2  
  27  3:35  SCV x2  
  29  3:47  SCV x2  
  31  3:50  Command Center  
  31  3:56  Barracks Tech Lab  
  31  3:58  Factory Reactor  
  31  3:59  SCV  
  32  4:07  Starport  
  32  4:08  Barracks Tech Lab  
  32  4:10  Marine x2  
  32  4:15  Armory  
  32  4:16  SCV  
  35  4:19  SCV  
  36  4:28  Marine, SCV  
  36  4:29  Refinery  
  38  4:32  SCV  
  39  4:38  Supply Depot  
  39  4:40  SCV  
  39  4:41  Armory  
  39  4:42  Marine x2  
  39  4:44  SCV  
  43  4:52  SCV  
  44  4:53  Factory Tech Lab  
  44  4:56  SCV  
  44  4:58  Barracks  
  45  5:00  Barracks  
  45  5:04  SCV  
  46  5:08  SCV  
  47  5:17  Orbital Command  
  47  5:18  Command Center  
  47  5:20  SCV  
  48  5:22  Missile Turret  
  48  5:23  SCV  
  49  5:32  SCV  
  49  5:33  Terran Infantry Armor Level 1  
  51  5:35  SCV  
  51  5:36  Terran Ship Weapons Level 1  
  51  5:41  Terran Vehicle And Ship Armor Level 1  
  51  5:44  SCV  
  51  5:47  SCV  
  53  5:56  SCV  
  54  5:59  Refinery  
  54  6:06  Refinery  
  54  6:09  SCV  
  55  6:15  Fusion Core  
  55  6:20  SCV x2  
  55  6:21  SCV  
  58  6:32  SCV  
  59  6:33  SCV x2  
  59  6:37  Orbital Command  
  61  6:44  SCV  
  61  6:45  SCV x2  
  61  6:46  Command Center, Refinery  
  64  6:56  SCV  
  64  6:57  SCV x2  
  64  6:59  Sensor Tower  
  67  7:09  SCV x3  
  67  7:10  Sensor Tower  
  67  7:11  Weapon Refit  
  70  7:20  Starport  
  70  7:21  SCV x3  
  73  7:22  Starport  
  73  7:26  Starport, Terran Infantry Weapons Level 2  
  73  7:27  Starport  
  73  7:33  SCV x3  
  76  7:45  SCV x3  
  76  7:47  Terran Ship Weapons Level 2, Terran Vehicle And Ship Armor Level 2  
  76  8:04  Starport Tech Lab x3  
  76  8:05  Starport Tech Lab  
  73  8:13  Marine x2  
  73  8:14  Marine x2  
  73  8:16  Marine  
  73  8:17  Marine  
  65  8:31  Marine x2  
  65  8:32  Marine x2  
  65  8:33  Siege Tank  
  68  8:42  Battlecruiser  
  69  9:02  Marine x3  
  62  9:08  Orbital Command  
  62  9:09  Marine  
  62  9:10  Marine  
  62  9:11  Marine  
  62  9:13  Missile Turret  
  56  9:19  Marine  
  56  9:20  Marine x2  
  58  9:26  Marine  
  58  9:28  Marine  
  58  9:29  Marine  
  61  9:37  Marine  
  62  9:47  Refinery  
  62  9:48  Refinery  
  62  9:52  Marine  
  62  9:58  Supply Depot  
  62  9:59  Supply Depot  
  62  10:04  Supply Depot  
  62  10:20  Marine x4  
  64  10:43  Marine x2  
  64  10:47  Marine  
Show
View Real Time Build Order
Export as new Build Order

BigWarlyn Protoss - Winner!

Build Orders:  

Get SALT Encoding   

  1  0:00  Probe  
  13  0:15  Pylon  
  13  0:17  Probe  
  14  0:29  Probe  
  15  0:37  Gateway  
  15  0:41  Probe  
  16  0:48  Assimilator  
  16  0:51  Assimilator  
  16  0:54  Probe  
  17  1:11  Gateway  
  17  1:13  Probe  
  18  1:21  Probe  
  19  1:29  Zealot  
  19  1:31  Probe  
  21  1:36  Cybernetics Core  
  22  1:43  Probe  
  23  2:05  Pylon  
  23  2:13  Warp Gate  
  23  2:20  Probe  
  23  2:23  Zealot x2  
  28  2:31  Twilight Council  
  28  2:32  Probe  
  29  2:44  Pylon, Probe  
  30  2:59  Stalker  
  32  3:07  Pylon  
  32  3:15  Nexus  
  32  3:21  Sentry  
  34  3:29  Sentry  
  36  3:35  Gateway  
  36  3:38  Probe  
  36  3:44  Sentry  
  39  3:51  Assimilator  
  39  3:53  Assimilator  
  39  3:59  Gateway  
  39  4:08  Gateway  
  39  4:13  Charge  
  39  4:24  Probe  
  39  4:25  Probe  
  41  4:33  Probe x2  
  43  4:42  Probe  
  43  4:44  Pylon  
  44  4:51  Forge  
  44  4:58  Gateway  
  44  5:00  Gateway  
  44  5:05  Probe x2  
  46  5:13  Probe  
  46  5:17  Probe  
  48  5:21  Probe  
  49  5:29  Probe  
  49  5:32  Zealot x2  
  49  5:33  Zealot x2  
  58  5:38  Protoss Shields Level 1  
  58  5:47  Probe  
  58  5:50  Probe  
  58  5:53  Blink  
  60  6:00  Probe  
  60  6:02  Probe  
  62  6:12  Probe  
  62  6:14  Probe  
  64  6:23  Zealot  
  64  6:24  Probe  
  64  6:25  Zealot  
  69  6:27  Probe  
  70  6:33  Pylon  
  70  6:34  Pylon  
  70  6:36  Pylon  
  70  6:38  Pylon  
  70  6:41  Pylon  
  70  6:47  Probe  
  70  6:48  Probe  
  72  6:57  Stalker x3  
  72  6:58  Stalker  
  72  7:00  Probe, Stalker  
  83  7:05  Sentry x2  
  87  7:39  Protoss Ground Armor Level 1  
  87  8:47  Zealot  
  87  8:48  Zealot x6  
  99  9:18  Nexus  
  99  9:22  Assimilator  
  99  9:26  Assimilator  
  99  9:29  Gateway x2, Pylon  
  99  9:31  Pylon  
  99  9:33  Pylon  
  99  9:34  Gateway  
  99  9:37  Gateway  
  99  9:41  Gateway, Stalker  
  99  9:42  Stalker x4  
  109  9:48  Gateway  
  109  9:52  Pylon  
  109  9:53  Pylon  
  109  9:55  Pylon  
  109  9:57  Pylon  
  109  9:58  Pylon  
  109  10:00  Pylon  
  109  10:02  Pylon  
Tags
 
Matchup
PvT
Replay Pack
Multiplayer
Spawn Locations
Close Positions
Add a new tag
Caveats
  • Supply blocks, unpowered buildings, or Contaminate may cause inaccurate times.
  • Supply counts are checked every 10 seconds.